AoeStats
← SteiL

Arabia

509846581Analyzed
1v1 RM · 3d ago on Sep 28, 2026· 33m 32s· 2 players
Game mode
Random Map
Map size
Tiny (2 player)
Population
200
Speed
Normal
Resources
Standard
Victory
Conquest
Starting age
Dark Age
Ending age
Imperial Age
RankedLock teamsTeams togetherTeam positionsShared explorationLock speedFull tech treeHidden civsTurbo modeCheats
Victory
Defeat
🇩🇪 Mongols · Germany
1109
+15
🇮🇱 Burmese · Israel
1084
-15
Dark_Wave
2:16 Loom
11:27 Feudal Age
11:49 Man-at-Arms
13:02 Arson
23:14 Castle Age
21:58 Scale Barding Armor
22:44 Bloodlines
22:46 Forging
23:19 Light Cavalry
24:02 Husbandry
24:45 Horse Collar
26:40 Squires
27:58 Gold Mining
28:33 Sanctity
29:35 Fervor
30:10 Redemption
SteiL
0:27 Loom
9:20 Feudal Age
13:56 Horse Collar
16:37 Wheelbarrow
20:38 Castle Age
19:11 Bloodlines
19:45 Double-Bit Axe
20:12 Scale Barding Armor
20:18 Forging
27:41 Chain Barding Armor
29:15 Town Watch
30:35 Husbandry
33:16 Fletching
Connection lost

Rejoining the realm…

Still unreachable

The connection could not be restored.

Session expired

The server has moved on; the page needs a fresh start.